 Dungeon Crawl Stone Soup version 0.28.0-53-g5a82cb258f (webtiles) character file.

Game seed: 7062333294287066276

2688 MisterFreud the Nimble (level 9, -4/61 HPs)
             Began as a Felid Berserker on June 9, 2022.
             Was a Priest of Trog.
             Slain by an orc warrior
             ... wielding a +0 dire flail
              (21 damage)
             ... on level 8 of the Dungeon.
             The game lasted 00:09:37 (9010 turns).

MisterFreud the Nimble (Felid Berserker)            Turns: 9010, Time: 00:09:38

Health: -4/61      AC:  2    Str: 13    XL:     9   Next: 38%
Magic:  10/10      EV: 25    Int: 10    God:    Trog [***...]
Gold:   142        SH:  0    Dex: 20    Spells: 8/8 levels left
                                        Lives:  0   Deaths: 2

rFire   . . .      SeeInvis +     - Unarmed
rCold   . . .      Faith    +   (shield unavailable)
rNeg    . . .      Spirit   .   (armour unavailable)
rPois   .          Reflect  .   (helmet unavailable)
rElec   .          Harm     .   (cloak unavailable)
rCorr   .          Rampage  +   (gloves unavailable)
Will    +++..                   (boots unavailable)
Stlth   ..........              r - amulet of Hatyg {Faith Rampage Will+ Int+2}
HPRegen 0.20/turn               n - ring of willpower
MPRegen 0.12/turn               (no ring)

@: berserking, very quick
A: very small, claws 1, fangs 3, see invisible, speed 1, shaggy fur 2, stealthy
paws, no weapons or thrown items, no armour, multi-lived
a: Renounce Religion, Berserk, Trog's Hand


You were on level 8 of the Dungeon.
You worshipped Trog.
Trog was most pleased with you.
You visited 2 branches of the dungeon, and saw 9 of its levels.

You collected 296 gold pieces.
You spent 154 gold pieces at shops.

Inventory:

Jewellery
 n - a ring of willpower (left paw)
 r - the amulet of Hatyg (around neck) {Faith Rampage Will+ Int+2}
   (You found it on level 7 of the Dungeon)

   [amulet of faith]

   It allows you to gain divine favour quickly.
   Int:       It affects your intelligence (+2).
   Rampage:   It bestows one free step when moving towards enemies.
   Will:      It increases your willpower.
Wands
 c - a wand of acid (3)
 e - a wand of iceblast (7)
Scrolls
 j - a scroll of blinking
 l - 2 scrolls of teleportation
Potions
 a - 4 potions of flight
 b - a potion of invisibility
 d - 5 potions of curing
 f - a potion of lignification {unknown}
 g - 2 potions of cancellation
 h - 3 potions of magic {unknown}
 i - 2 potions of might
 k - a potion of berserk rage
 o - 2 potions of heal wounds {unknown}
 p - a potion of mutation {unknown}
 t - a potion of attraction {unknown}


   Skills:
 - Level 6.0 Fighting
 - Level 10.0 Dodging
 + Level 9.1 Stealth
 + Level 7.7 Unarmed Combat
 - Level 5.4 Evocations


You had 8 spell levels left.
You didn't know any spells.
Your spell library was empty.

Dungeon Overview and Level Annotations

Branches:
Dungeon (8/15)             Temple (1/1) D:4
   Lair: D:8-11

Altars:
Ashenzari
Gozag
Hepliaklqana
Kikubaaqudgha
Makhleb
Okawaru
Qazlal

Shops:
D:4 =[(!   D:5 !


Innate Abilities, Weirdness & Mutations

You have sharp claws.
You have razor-sharp teeth.
You have supernaturally acute eyesight. (SInv)
You cover ground quickly. (Speed+)
You are covered in thick fur. (AC +2)
Your paws help you pounce on unaware monsters.
You are incapable of wielding weapons or throwing items.
You cannot wear armour.
You gain extra lives every three experience levels.


Message History

There are monsters nearby!
You claw the orc!
You kill the orc!
Trog accepts your kill.
There are monsters nearby!
The orc hits you with a +3 whip! The orc priest completely misses you.
There is an open door here.
You scratch the orc priest but do no damage.
You bite the orc priest.
The orc priest is lightly wounded.
The orc barely misses you.
The orc priest hits you with a +0 hand axe.
You scratch the orc priest.
The orc priest is moderately wounded.
An orc warrior comes into view. It is wielding a +0 dire flail.
The orc closely misses you.
The orc priest invokes the aid of Beogh against you.
Beogh smites you!
You claw the orc!
You kill the orc!
Trog accepts your kill. The orc priest closely misses you.
You are too injured to fight recklessly!
Things that are here:
a +3 whip; 3 boomerangs You barely miss the orc priest.
You claw the orc priest!
You kill the orc priest!
Trog accepts your kill.
Things that are here:
a +0 hand axe; 14 gold pieces; an orc corpse You scratch the orc warrior but do no damage.
The orc warrior misses you.
You completely miss the orc warrior.
You claw the orc warrior, but do no damage.
The orc warrior hits you with a +0 dire flail.
* * * LOW HITPOINT WARNING * * *
A red film seems to cover your vision as you go berserk!
You feel yourself moving faster!
You feel mighty!
The orc warrior hits you with a +0 dire flail!!
You die...

##### #####.##.##.
######...###.###.##.###
#....................#.
#....................#.
##..##...............#.
#..##...##.<##......#.
#..##################
#..##...##...
#...#@.......
#.).o).......
#.########... #. # ..
... '... #####


You could see an orc warrior.

Vanquished Creatures
  A manticore (D:7)
  Maggie (D:6)
  A hornet (D:7)
  Grinder (D:6)
  Edmund (D:4)
  2 ice beasts
  2 sky beasts
  A necrophage (D:5)
  3 ogres
  2 phantoms
  A kobold brigand (D:7)
  3 bullfrogs
  A scorpion (D:6)
  A water moccasin zombie (D:7)
  4 wights (D:8)
  3 howler monkeys
  2 bullfrog skeletons (D:5)
  3 hounds
  2 jellies
  3 orc priests (D:8)
  A centaur skeleton (D:3)
  5 iguanas
  An orc wizard (D:8)
  A hound skeleton (D:4)
  4 gnolls
  8 adders
  A howler monkey skeleton (D:4)
  A shadow imp (D:6)
  2 white imps (D:6)
  3 ufetubi
  A worm (D:2)
  An adder skeleton (D:4)
  3 dart slugs
  9 orcs
  5 ball pythons
  4 bats
  3 endoplasms
  3 giant cockroaches
  9 hobgoblins
  5 jackals
  12 kobolds
  2 quokkas
  3 frilled lizards
  7 goblins
  5 rats
  A spectral orc (D:6)
138 creatures vanquished.

Vanquished Creatures (others)
  A human (D:4)
1 creature vanquished.

Grand Total: 139 creatures vanquished

Notes
Turn   | Place    | Note
-------+----------+-------------------------------------------
     0 | D:1      | MisterFreud the Felid Berserker began the quest for the
                  | Orb.
     0 | D:1      | Reached XP level 1. HP: 10/10 MP: 2/2
   125 | D:1      | Reached skill level 1 in Stealth
   194 | D:1      | Reached XP level 2. HP: 14/14 MP: 3/3
   902 | D:2      | Reached XP level 3. HP: 7/17 MP: 4/4
  1496 | D:2      | Reached XP level 4. HP: 21/21 MP: 5/5
  1538 | D:2      | HP: 1/31 [gnoll/+1 vorpal spear (2)]
  2333 | D:2      | Reached XP level 5. HP: 24/24 MP: 6/6
  2572 | D:2      | Found a faded altar of an unknown god.
  2721 | D:3      | Noticed a phantom
  2722 | D:3      | Killed a phantom
  2723 | D:3      | Reached skill level 5 in Stealth
  2723 | D:3      | Reached skill level 5 in Unarmed Combat
  2743 | D:3      | Reached ** piety under Trog
  3126 | D:3      | Gained mutation: You are covered in thick fur. (AC +2)
                  | [Felid growth]
  3126 | D:3      | Reached XP level 6. HP: 28/28 MP: 7/7
  3175 | D:4      | Noticed Edmund
  3458 | D:4      | Killed Edmund
  3773 | D:4      | Found Ucupau Poiv's Weapon Boutique.
  3801 | D:4      | Found Hogaz's Antique Armour Boutique.
  3962 | D:4      | Found Ovvoziun's Jewellery Shop.
  3964 | D:4      | Found an ancient bone altar of Kikubaaqudgha.
  3969 | D:4      | Noticed a human
  3972 | D:4      | Killed a human
  4209 | D:4      | Found Zuhub's Distillery.
  4223 | D:4      | Bought a potion of might for 40 gold pieces
  4223 | D:4      | Bought a potion of curing for 30 gold pieces
  4264 | D:4      | Found a staircase to the Ecumenical Temple.
  4553 | Temple   | Entered the Ecumenical Temple
  4560 | D:5      | Entered Level 5 of the Dungeon
  4629 | D:5      | Reached skill level 5 in Dodging
  4814 | D:5      | Reached XP level 7. HP: 15/31 MP: 8/8
  4822 | D:5      | Reached skill level 6 in Dodging
  5101 | D:5      | Reached *** piety under Trog
  5102 | D:5      | Reached skill level 7 in Dodging
  5191 | D:5      | Found Cischois's Distillery.
  5219 | D:5      | Bought a potion of berserk rage for 70 gold pieces
  5219 | D:5      | Bought a potion of degeneration for 14 gold pieces
  5855 | D:5      | Reached skill level 8 in Dodging
  5860 | D:6      | Found a broken altar of Ashenzari.
  6111 | D:6      | Noticed Maggie
  6252 | D:6      | Slain by Maggie
  6253 | D:6      | Reached XP level 6. HP: -5/42 MP: 7/7
  6253 | D:6      | Found a hazy altar of Hepliaklqana.
  6259 | D:6      | Reached skill level 9 in Dodging
  6259 | D:6      | Reached XP level 7. HP: 31/31 MP: 8/8
  6470 | D:6      | Slain by an ogre
  6471 | D:6      | Reached XP level 6. HP: -1/28 MP: 7/7
  6471 | D:6      | Found an opulent altar of Gozag.
  6534 | D:6      | Reached skill level 10 in Dodging
  6553 | D:6      | Reached XP level 7. HP: 13/31 MP: 8/8
  6772 | D:6      | Noticed Grinder
  6780 | D:6      | Paralysed by Grinder for 7 turns
  6792 | D:6      | Killed Grinder
  6793 | D:6      | Reached skill level 5 in Fighting
  7000 | D:6      | Found an iron altar of Okawaru.
  7033 | D:6      | Killed Maggie
  7034 | D:6      | Reached XP level 8. HP: 10/38 MP: 9/9
  7157 | D:6      | Found a stormy altar of Qazlal.
  7365 | D:7      | Noticed a manticore
  7371 | D:7      | Killed a manticore
  7372 | D:7      | Reached skill level 5 in Evocations
  7459 | D:7      | Noticed a hornet
  7465 | D:7      | Killed a hornet
  7720 | D:7      | Reached XP level 9. HP: 29/41 MP: 10/10
  7970 | D:7      | Identified the amulet of Hatyg {Faith Rampage Will+ Int+2}
  8727 | D:8      | Found a burning altar of Makhleb.
  9010 | D:8      | Slain by an orc warrior

Illustrated notes

Levels and vault maps discovered:
D:1:      lemuel_arrival_muddy, layout_loops_ring
D:2:      layout_basic, serial_curves, eino_curves_04, eino_curves_04,
          dreamdust_ecumenical_altar_statues, kennysheep_generic_room_6
D:3:      layout_rooms, kennysheep_generic_room_15
D:4:      layout_basic, tgw_kikubaaqudgha, minmay_temple_entry_statues_pillars,
          serial_shops, shop, nicolae_shop_stone, shop,
          nicolae_shop_competitors_out_of_business, st_stairs_7,
          kennysheep_generic_room_5, uniq_edmund
D:5:      layout_layer_cave, serial_shops, shop, chequers_serial_rivers_large_b
D:6:      layout_cave_pools, nicolae_hepliaklqana_monster_ancestors,
          grunt_gozag_statues, ashenzari_conservatory_becter,
          mainiacjoe_overflow_catwalk_spiral, st_stairs_1, feat_on_display,
          uniq_grinder, uniq_maggie
D:7:      layout_gridville, minivault_23, st_stairs_13
D:8:      layout_gridville, bloody_makhleb, nicolae_yredelemnul_corpse_copse,
          lemuel_tele_altar, mainiacjoe_overflow_large_starburst
Temple:   jpeg_temple_alley_garden

Skill      XL: |  1  2  3  4  5  6  7  8  9 |
---------------+----------------------------+-----
Stealth        | 1 2 3 4 5 6 7 9 |  9.1
Unarmed Combat | 4 5 6 7 |  7.7
Dodging        | 10 8 | 10.0
Fighting       | 6 |  6.0
Evocations     | 2 5 |  5.4

Action                   |  1- 3 |  4- 6 |  7- 9 || total
-------------------------+-------+-------+-------++-------
Melee: Unarmed           |    58 |   151 |   231 ||   440
       Bite              |     2 |    14 |    29 ||    45
       Punch             |     1 |     4 |    17 ||    22
Invok: Berserk           |     2 |     2 |    10 ||    14
       Trog's Hand       |       |       |     2 ||     2
  Use: Scroll            |     3 |     6 |     3 ||    12
       Potion            |       |     2 |       ||     2
 Stab: Sleeping          |     8 |    20 |     6 ||    34
       Distracted        |       |       |     1 ||     1
Armor: Skin              |     1 |     6 |     4 ||    11
Dodge: Dodged            |    41 |   144 |   169 ||   354
